 Dungeon Crawl Stone Soup version 0.21.1-1-g345015fe64 (webtiles) character file.

1946 HessuHobo the Cleaver (level 8, -2/61 HPs)
             Began as a Demonspawn Berserker on May 23, 2018.
             Was a Priest of Trog.
             Slain by a two-headed ogre
             ... wielding a +0 giant club
              (10 damage)
             ... on level 7 of the Dungeon.
             The game lasted 00:14:20 (6431 turns).

HessuHobo the Cleaver (Demonspawn Berserker)        Turns: 6431, Time: 00:14:21

Health: -2/61      AC: 15    Str: 19    XL:     8   Next: 98%
Magic:  0/8        EV:  7    Int:  9    God:    Trog [***...]
Gold:   403        SH:  0    Dex: 13    Spells: 7/7 levels left

rFire    . . .     SeeInvis .   f - +0 battleaxe
rCold    + . .     Gourm    .   (shield currently unavailable)
rNeg     . . .     Faith    .   i - +3 plate armour
rPois    .         Spirit   +   (no helmet)
rElec    .         Reflect  .   (no cloak)
rCorr    .         Harm     .   (no gloves)
MR       ++...                  (no boots)
Stlth    ..........             (no amulet)
HPRegen  1.20/turn              b - ring of protection from cold
MPRegen  0.11/turn              (no ring)

@: berserk cooldown, regenerating, slowed, very slow
A: talons 1, foul stench 2, magic shield, rot immunity, sturdy frame 1
a: Berserk, Trog's Hand, Burn Spellbooks, Renounce Religion


You were on level 7 of the Dungeon.
You worshipped Trog.
Trog was most pleased with you.
You were not hungry.

You visited 1 branch of the dungeon, and saw 7 of its levels.

You collected 403 gold pieces.

Inventory:

Hand Weapons
 a - a +1 hand axe
 f - a +0 battleaxe (weapon)
Armour
 g - a +0 chain mail
 i - a +3 plate armour (worn)
 r - a +0 buckler
 s - a +0 shield
Jewellery
 b - a ring of protection from cold (left hand)
 j - an uncursed ring of stealth {unknown}
 p - an uncursed ring of see invisible {unknown}
Wands
 h - a wand of acid (10)
 m - a wand of polymorph (19)
 n - a wand of iceblast (1)
 q - a wand of enslavement (13)
Scrolls
 e - 4 scrolls of teleportation
 u - a scroll of remove curse
 v - 2 scrolls of fog
Potions
 d - a potion of curing
 k - a potion of heal wounds
 l - a potion of degeneration {unknown}
 o - a potion of mutation {unknown}
Comestibles
 c - 4 rations


   Skills:
 + Level 4.9 Fighting
 * Level 8.8 Axes
 * Level 5.8 Armour
 - Level 1.7 Dodging


You had 7 spell levels left.
You didn't know any spells.

Dungeon Overview and Level Annotations

Branches:
Dungeon (7/15)             Temple (0/1) D:7

Altars:
Ashenzari
Dithmenos
Elyvilon
Fedhas
Gozag
Qazlal
Vehumet
Yredelemnul
The Shining One
Beogh


Innate Abilities, Weirdness & Mutations

You have sharp toenails.
You frequently emit foul miasma when damaged in melee.
When hurt, damage is shared between your health and your magic reserves.
You are immune to rotting.
Your movements are slightly less encumbered by armour. (ER -2)


Message History

You slice the two-headed ogre!! Your kick misses the two-headed ogre.
The two-headed ogre is heavily wounded.
The two-headed ogre hits you with a giant club! x2
You slash the two-headed ogre! You claw the two-headed ogre!
The two-headed ogre is almost dead.
The two-headed ogre hits you but does no damage.
The two-headed ogre hits you with a giant club!!
The two-headed ogre looks sick.
You barely miss the two-headed ogre. Your kick misses the two-headed ogre.
The two-headed ogre is almost dead.
You hear the hiss of a very distant avalanche of sand.
You are no longer berserk.
You are exhausted.
You feel yourself slow down.
You hit the two-headed ogre but do no damage.
The two-headed ogre is almost dead.
The two-headed ogre hits you with a giant club!!
* * * LOW HITPOINT WARNING * * *
The two-headed ogre hits you with a giant club!
You die...

##..# #.# #.#
##.####.# #(#
#..##..# ###
##.##.## #.##.#
#.#..#########
#.....<......#
######...........##
#..........@O......
#######..........##
#..........#
############


You could see a two-headed ogre.

Vanquished Creatures
  The ghost of HessuHobo the Chopper, a novice DsBe of Trog (D:6)
  Sigmund (D:5)
  A phantom (D:5)
  2 ice beasts (D:6)
  A sky beast (D:6)
  A black bear (D:6)
  A centaur (D:6)
  2 bullfrogs (D:6)
  2 scorpions (D:4)
  A howler monkey (D:4)
  A crimson imp (D:6)
  A hound (D:4)
  3 orc priests
  4 orc wizards
  Terence (D:2)
  An iguana (D:5)
  3 worker ants
  A hound skeleton (D:6)
  7 adders
  A worm (D:2)
  2 dart slugs (D:2)
  A leopard gecko (D:1)
  24 orcs
  A ball python (D:5)
  8 bats
  2 giant cockroaches
  9 goblins
  8 hobgoblins
  13 jackals
  4 quokkas
  A ball python skeleton (D:4)
  5 frilled lizards
  7 kobolds
  A leopard gecko skeleton (D:5)
  9 rats
131 creatures vanquished.

Vanquished Creatures (others)
  A quokka (D:2)
  2 bats (D:2)
3 creatures vanquished.

Grand Total: 134 creatures vanquished

Notes
Turn   | Place    | Note
-------+----------+-------------------------------------------
     0 | D:1      | HessuHobo the Demonspawn Berserker began the quest for the Orb.
     0 | D:1      | Reached XP level 1. HP: 18/18 MP: 1/1
   533 | D:1      | Reached skill level 3 in Axes
   855 | D:1      | Gained mutation: You have sharp toenails. [demonic ancestry]
   855 | D:1      | Reached XP level 2. HP: 24/24 MP: 2/2
  1979 | D:2      | Found a radiant altar of Vehumet.
  2017 | D:2      | Gained mutation: You are immune to rotting. [demonic ancestry]
  2017 | D:2      | Reached XP level 3. HP: 20/29 MP: 3/3
  2397 | D:2      | Found a white marble altar of Elyvilon.
  2427 | D:2      | Noticed Terence
  2436 | D:2      | Killed Terence
  2436 | D:2      | Reached skill level 4 in Axes
  2436 | D:2      | Gained mutation: You may emit foul miasma when damaged in melee. [demonic ancestry]
  2436 | D:2      | Reached XP level 4. HP: 35/35 MP: 4/4
  2441 | D:2      | Reached ** piety under Trog
  2879 | D:3      | Found a shadowy altar of Dithmenos.
  2908 | D:3      | Gained mutation: When hurt, damage is shared between your health and your magic reserves. [demonic ancestry]
  2908 | D:3      | Reached XP level 5. HP: 42/42 MP: 5/5
  3088 | D:3      | Reached skill level 5 in Axes
  3180 | D:3      | Reached *** piety under Trog
  3640 | D:4      | Gained mutation: You frequently emit foul miasma when damaged in melee. [demonic ancestry]
  3640 | D:4      | Reached XP level 6. HP: 46/48 MP: 3/6
  3687 | D:4      | Found a roughly hewn altar of Beogh.
  3739 | D:4      | Found a shattered altar of Ashenzari.
  4160 | D:4      | Reached skill level 6 in Axes
  4317 | D:4      | Reached XP level 7. HP: 41/54 MP: 7/7
  4498 | D:5      | Entered Level 5 of the Dungeon
  4537 | D:5      | Found a basalt altar of Yredelemnul.
  5117 | D:5      | Found an opulent altar of Gozag.
  5118 | D:5      | Noticed Sigmund
  5128 | D:5      | Killed Sigmund
  5128 | D:5      | Reached skill level 7 in Axes
  5395 | D:6      | Gained mutation: Your movements are slightly less encumbered by armour. (ER -2) [demonic ancestry]
  5395 | D:6      | Reached XP level 8. HP: 61/61 MP: 8/8
  5567 | D:6      | Reached skill level 5 in Armour
  5850 | D:6      | Found a stormy altar of Qazlal.
  5941 | D:6      | Noticed HessuHobo's ghost (novice DsBe)
  5958 | D:6      | Killed HessuHobo's ghost
  5958 | D:6      | Reached skill level 8 in Axes
  5991 | D:6      | Found a glowing golden altar of the Shining One.
  6055 | D:6      | Reached **** piety under Trog
  6146 | D:6      | Found a blossoming altar of Fedhas.
  6293 | D:7      | Found a staircase to the Ecumenical Temple.
  6421 | D:7      | Noticed a two-headed ogre
  6431 | D:7      | Slain by a two-headed ogre

Skill      XL: |  1  2  3  4  5  6  7  8 |
---------------+-------------------------+-----
Axes           | 3 4 5 6 7 8 |  8.8
Armour         | 2 3 4 5 |  5.8
Fighting       | 4 |  4.9
Dodging        | |  1.7

Action                   |  1- 3 |  4- 6 |  7- 9 || total
-------------------------+-------+-------+-------++-------
Melee: Hand axe          |    99 |   182 |   128 ||   409
       Kick              |    13 |    47 |    53 ||   113
       Battleaxe         |       |       |    26 ||    26
Invok: Berserk           |     3 |     5 |     7 ||    15
       Trog's Hand       |       |     1 |     3 ||     4
  Use: Scroll            |     2 |     9 |     6 ||    17
       Potion            |     2 |     4 |     1 ||     7
 Stab: Sleeping          |     1 |       |       ||     1
  Eat: Chunk             |     3 |     6 |     3 ||    12
       Ration            |     1 |     2 |     4 ||     7
Armor: Animal skin       |    21 |       |       ||    21
       Chain mail        |       |    56 |       ||    56
       Plate armour      |       |    42 |    89 ||   131
Dodge: Dodged            |    50 |    67 |    41 ||   158
Block: Buckler           |       |       |     2 ||     2
